Map: [ESL] Tropical Sacrifice

Players

Astrea

  • Race: Protoss Protoss
  • Spawn Location: 7:00

Dark - Winner!

  • Race: Zerg Zerg
  • Spawn Location: 1:00

Event: DreamHack SC2 Masters 2022 Valencia

VOD

Have the link to the VOD?

Description

Time

  • Played on: July 2, 2022, 8:52 a.m.
  • Length: 17:23

All games in this series

Show
View Real Time Build Order
Export as new Build Order

Astrea Protoss 

Build Orders: 1 Gate Expand, Oracle Opening, Archon Immortal 

Get SALT Encoding   

  12  0:00  Probe  
  13  0:12  Probe  
  14  0:20  Pylon  
  14  0:24  Probe  
  15  0:38  Probe (Chrono Boost)  
  15  0:40  Gateway  
  16  0:47  Probe (Chrono Boost)  
  17  0:51  Assimilator  
  17  0:53  Probe  
  18  1:05  Probe  
  19  1:17  Probe  
  20  1:28  Nexus  
  20  1:31  Probe  
  21  1:41  Cybernetics Core  
  21  1:47  Assimilator  
  21  1:49  Probe  
  22  1:56  Pylon  
  22  2:01  Probe  
  23  2:14  Adept (Chrono Boost), Probe (Chrono Boost)  
  27  2:23  Stargate  
  27  2:24  Probe (Chrono Boost)  
  27  2:29  Probe (Chrono Boost)  
  27  2:31  Warp Gate  
  28  2:37  Adept  
  28  2:40  Probe (Chrono Boost)  
  32  2:48  Probe (Chrono Boost)  
  32  2:49  Probe (Chrono Boost)  
  33  2:54  Probe x2 (Chrono Boost)  
  35  3:06  Probe  
  35  3:10  Void Ray (Chrono Boost)  
  39  3:14  Probe  
  39  3:18  Probe  
  41  3:22  Pylon  
  41  3:26  Probe  
  42  3:28  Gateway  
  42  3:30  Probe  
  43  3:38  Probe, Oracle (Chrono Boost)  
  47  3:45  Probe  
  48  3:50  Probe  
  49  3:56  Nexus  
  49  3:57  Probe  
  49  4:00  Pylon  
  50  4:03  Probe (Chrono Boost)  
  50  4:09  Probe (Chrono Boost)  
  52  4:11  Assimilator  
  52  4:15  Assimilator  
  53  4:21  Probe x2 (Chrono Boost)  
  53  4:23  Twilight Council, Forge  
  54  4:26  Probe (Chrono Boost)  
  54  4:27  Probe (Chrono Boost)  
  56  4:34  Adept x2  
  56  4:36  Probe  
  61  4:41  Probe  
  62  4:46  Robotics Facility  
  62  4:47  Pylon  
  62  4:55  Pylon  
  62  4:57  Protoss Ground Weapons Level 1  
  62  4:59  Charge, Pylon  
  62  5:08  Probe x2 (Chrono Boost)  
  62  5:14  Probe (Chrono Boost)  
  65  5:15  Templar Archives  
  65  5:17  Probe x2 (Chrono Boost)  
  68  5:21  Probe (Chrono Boost), Gateway  
  68  5:22  Probe x2 (Chrono Boost)  
  68  5:23  Gateway  
  68  5:31  Adept x2  
  68  5:32  Shield Battery  
  67  5:37  Photon Cannon  
  67  5:42  Probe x3  
  68  5:51  Immortal (Chrono Boost), High Templar x2  
  68  5:57  Pylon  
  76  5:58  Archon  
  76  6:04  Photon Cannon  
  68  6:16  Zealot  
  68  6:17  Probe  
  71  6:20  Zealot  
  71  6:24  Zealot x2  
  76  6:25  Probe  
  76  6:27  Probe  
  76  6:29  Gateway  
  76  6:30  Gateway  
  76  6:31  Immortal  
  80  6:35  Probe  
  76  6:40  High Templar x2  
  76  6:43  Archon  
  76  6:45  Pylon  
  66  6:47  Zealot x2  
  66  6:52  Probe  
  66  6:53  Pylon  
  65  7:06  Probe x2  
  62  7:08  Zealot x2  
  62  7:11  High Templar  
  62  7:14  High Templar  
  69  7:17  Archon  
  69  7:22  Nexus  
  69  7:29  Zealot x2  
  69  7:30  Zealot x2  
  69  7:32  Probe  
  69  7:36  Probe  
  75  7:44  Probe  
  69  7:45  Zealot  
  69  7:46  Zealot  
  69  7:48  Probe  
  69  7:50  Warp Prism (Chrono Boost)  
  74  7:55  Protoss Ground Weapons Level 2 (Chrono Boost)  
  74  7:56  Probe  
  77  7:59  Pylon  
  77  8:01  Probe  
  77  8:02  Pylon  
  78  8:17  Probe x2  
  78  8:18  Observer  
  78  8:19  High Templar x2  
  85  8:23  Archon  
  84  8:29  Probe x2  
  86  8:34  Zealot x4  
  86  8:35  Probe  
  95  8:41  Probe x2  
  95  8:42  Immortal (Chrono Boost)  
  95  8:48  Probe  
  102  8:53  Probe x2  
  104  9:00  Probe  
  104  9:01  High Templar, Assimilator  
  104  9:02  High Templar, Assimilator  
  109  9:03  Psionic Storm, Shield Battery  
  109  9:12  Pylon x2  
  109  9:30  Probe  
  110  9:32  Pylon  
  110  9:35  Immortal (Chrono Boost)  
  114  9:38  High Templar  
  114  9:40  Zealot x4  
  114  9:45  Pylon  
  124  9:47  Pylon  
  124  9:52  Zealot  
  126  9:56  Pylon x2  
  126  10:08  Photon Cannon  
  126  10:11  High Templar x2  
  126  10:14  Protoss Ground Weapons Level 3  
  126  10:19  Zealot x4  
  126  10:21  Pylon  
  134  10:28  Immortal  
  132  10:40  Zealot x4  
  124  10:51  Nexus  
  122  10:58  Nexus  
  122  11:01  Pylon  
  122  11:09  High Templar x5  
  132  11:15  Archon x2  
  132  11:16  High Templar  
  133  11:19  Photon Cannon  
  133  11:21  Pylon  
  122  11:35  Probe x2  
  120  11:45  Pylon  
  120  11:46  Pylon  
  106  11:52  High Templar  
  106  11:53  High Templar, Zealot x4  
  110  11:57  Archon  
  100  12:03  Probe  
  100  12:08  Probe x2  
  100  12:13  High Templar x2  
  105  12:15  Probe  
  105  12:20  Probe x2  
  105  12:21  Immortal (Chrono Boost)  
  105  12:22  Zealot x2  
  111  12:27  Probe  
  110  12:37  Zealot x2  
  110  12:48  Zealot x4  
  117  13:03  Immortal  
  116  13:07  High Templar x2  
  116  13:11  High Templar x2  
  124  13:17  Archon x2  
  117  13:39  Immortal (Chrono Boost)  
  117  13:40  High Templar x2, Zealot x2  
  125  13:44  Archon  
  129  13:52  Nexus  
  129  13:57  Pylon  
  129  14:11  Zealot x4  
  129  14:14  Zealot x2  
  119  14:25  Archon  
  103  14:33  Zealot x4  
  73  14:45  Immortal (Chrono Boost)  
  73  14:49  Observer, Probe x2, Zealot x2  
  77  14:54  Zealot x3  
  73  15:01  Probe x2  
  73  15:04  Observer  
  73  15:07  Probe (Chrono Boost), High Templar  
  74  15:13  Probe (Chrono Boost)  
  73  15:16  Probe (Chrono Boost), High Templar x3  
  73  15:20  Observer  
  78  15:25  Probe x2 (Chrono Boost)  
  80  15:29  Probe (Chrono Boost)  
  80  15:30  Probe (Chrono Boost)  
  80  15:32  Probe (Chrono Boost)  
  86  15:38  Probe (Chrono Boost)  
  86  15:40  Probe (Chrono Boost)  
  84  15:43  Probe (Chrono Boost)  
  84  15:47  Probe x2 (Chrono Boost), Gateway  
  84  15:48  Probe (Chrono Boost)  
  84  15:49  High Templar x4, Gateway  
  96  15:52  Probe (Chrono Boost)  
  96  15:53  Archon x2, Probe  
  96  15:54  Cybernetics Core  
  92  15:57  Probe  
  92  16:03  Probe  
  92  16:05  Assimilator  
  92  16:06  Assimilator  
  92  16:17  Probe x2  
  94  16:18  Gateway  
  94  16:20  Gateway  
  94  16:23  High Templar x4  
  102  16:25  Probe  
  102  16:28  Archon x2  
  102  16:29  Probe  
  104  16:34  Robotics Facility  
  104  16:35  Robotics Facility  
  104  16:43  Pylon  
  104  16:46  High Templar x2  
  108  17:03  Zealot x4  
Show
View Real Time Build Order
Export as new Build Order

Dark Zerg - Winner!

Build Orders: Hatch First, Lurkers, Swarm Host 

Get SALT Encoding   

  12  0:00  Drone  
  13  0:13  Overlord  
  13  0:17  Drone  
  14  0:31  Drone x2  
  16  0:36  Drone  
  17  0:54  Hatchery  
  17  0:57  Drone  
  17  1:00  Drone  
  18  1:11  Extractor  
  18  1:15  Spawning Pool  
  17  1:18  Drone  
  17  1:21  Drone  
  18  1:28  Drone  
  19  1:41  Drone  
  20  1:52  Drone  
  21  2:06  Queen x2, Zergling x2  
  21  2:07  Zergling x2  
  27  2:11  Metabolic Boost  
  27  2:13  Overlord  
  27  2:17  Drone  
  28  2:32  Drone x2  
  28  2:36  Drone  
  31  2:44  Hatchery  
  31  2:50  Zergling x2  
  31  2:52  Queen  
  33  2:58  Overlord  
  33  3:00  Drone  
  34  3:06  Drone x2  
  34  3:11  Overlord  
  35  3:14  Overlord  
  35  3:18  Drone  
  36  3:22  Drone x2  
  36  3:24  Drone  
  36  3:27  Drone  
  40  3:32  Queen  
  42  3:35  Spore Crawler  
  42  3:40  Drone x2  
  43  3:41  Drone  
  43  3:45  Drone  
  45  3:50  Overlord  
  45  3:53  Lair  
  45  3:56  Drone  
  45  4:00  Spore Crawler  
  45  4:02  Drone x2  
  47  4:07  Zergling x4  
  47  4:08  Drone  
  50  4:12  Queen  
  50  4:15  Drone  
  53  4:18  Drone x2  
  53  4:22  Extractor  
  53  4:23  Queen  
  56  4:26  Drone  
  56  4:28  Drone  
  56  4:30  Drone  
  60  4:31  Drone  
  60  4:34  Drone x2  
  60  4:35  Drone  
  60  4:36  Drone  
  63  4:41  Zergling x4  
  63  4:43  Drone  
  65  4:46  Drone  
  66  4:54  Nydus Network, Zergling x2  
  66  4:55  Overlord  
  66  4:59  Overlord  
  66  5:01  Overlord  
  66  5:03  Overlord  
  66  5:13  Queen  
  68  5:15  Zergling x12  
  68  5:20  Zergling x6  
  68  5:21  Baneling Nest  
  77  5:28  Zergling x14  
  77  5:34  Nydus Canal  
  82  5:37  Drone x3  
  82  5:39  Drone  
  85  5:48  Nydus Canal  
  83  5:50  Zergling x10  
  83  5:51  Queen x2  
  91  6:02  Zergling x14  
  91  6:03  Nydus Canal  
  96  6:05  Overlord  
  91  6:17  Baneling x7  
  91  6:18  Zergling x8  
  90  6:22  Zergling x2  
  89  6:28  Zergling x4  
  89  6:29  Queen x3  
  97  6:45  Zergling x2  
  97  6:46  Zergling x10  
  95  6:52  Roach Warren  
  90  6:56  Zergling x4  
  90  7:00  Zergling x6  
  91  7:03  Nydus Canal  
  91  7:04  Queen  
  91  7:06  Drone x2  
  91  7:07  Drone  
  96  7:12  Evolution Chamber  
  96  7:13  Drone x2  
  96  7:14  Extractor  
  96  7:15  Extractor  
  91  7:16  Drone  
  91  7:19  Nydus Canal  
  92  7:25  Drone x2  
  91  7:30  Overlord  
  91  7:35  Nydus Canal  
  85  7:42  Roach x8, Overlord  
  97  7:46  Overlord x2  
  97  7:47  Extractor  
  97  7:49  Drone x2  
  94  7:54  Extractor, Drone x2  
  94  7:56  Overlord  
  95  8:04  Glial Reconstitution  
  95  8:07  Zergling x6  
  95  8:11  Zerg Missile Weapons Level 1  
  95  8:12  Drone x2  
  100  8:13  Roach  
  100  8:19  Drone x2  
  104  8:21  Infestation Pit, Overlord  
  104  8:24  Hatchery  
  102  8:29  Drone x2  
  102  8:30  Roach x3  
  102  8:34  Zergling x10  
  115  8:39  Overlord  
  115  8:41  Overlord  
  115  8:43  Roach  
  117  8:50  Overlord  
  117  9:00  Swarm Host x7  
  117  9:02  Swarm Host  
  141  9:09  Swarm Host x2  
  141  9:14  Zergling x10  
  152  9:17  Roach x3  
  152  9:21  Nydus Canal  
  158  9:26  Overlord  
  158  9:27  Roach x3  
  163  9:32  Overlord  
  163  9:36  Drone x3  
  166  9:43  Nydus Canal  
  166  9:47  Drone  
  166  9:48  Drone x2  
  169  9:56  Roach x7  
  169  9:57  Roach  
  169  9:59  Nydus Canal  
  184  10:04  Drone x2  
  184  10:05  Roach x2, Extractor x2  
  188  10:10  Overlord  
  187  10:14  Overlord, Nydus Canal  
  187  10:17  Zerg Missile Weapons Level 2  
  187  10:18  Roach  
  187  10:25  Overlord  
  180  10:29  Hive  
  180  10:31  Hydralisk Den  
  174  10:42  Roach x3  
  181  10:43  Roach x6  
  181  10:45  Nydus Canal  
  187  10:52  Spore Crawler  
  186  11:01  Grooved Spines  
  186  11:02  Lurker Den  
  183  11:06  Nydus Canal  
  183  11:07  Roach x6  
  183  11:10  Roach  
  197  11:11  Roach  
  199  11:27  Nydus Canal  
  199  11:32  Overlord  
  195  11:33  Roach x2  
  195  11:34  Roach  
  195  11:35  Roach  
  195  11:43  Overlord x2  
  186  11:47  Roach x4  
  186  11:52  Roach x2  
  184  11:54  Zergling x12  
  184  11:56  Zergling x4  
  190  12:04  Adaptive Talons, Hydralisk  
  190  12:06  Drone  
  171  12:08  Drone x2  
  171  12:10  Drone  
  171  12:14  Hydralisk  
  172  12:17  Nydus Canal  
  172  12:21  Hydralisk  
  172  12:23  Drone x2  
  172  12:24  Drone  
  172  12:26  Drone  
  172  12:29  Drone x2  
  176  12:39  Drone x3  
  176  12:41  Hydralisk x2  
  182  12:46  Zerg Missile Weapons Level 3  
  182  12:49  Nydus Canal  
  182  12:51  Lurker x3  
  185  12:55  Hydralisk  
  185  12:57  Hydralisk  
  186  13:05  Hydralisk x3  
  190  13:21  Hydralisk  
  190  13:22  Hydralisk  
  190  13:25  Hydralisk x2  
  198  13:27  Lurker  
  198  13:33  Nydus Canal  
  199  13:38  Hydralisk x2  
  199  13:43  Lurker  
  199  13:44  Spine Crawler  
  199  13:45  Spine Crawler  
  198  13:49  Lurker x2  
  176  14:25  Hydralisk x3  
  176  14:27  Hydralisk x19  
  181  14:37  Hydralisk x2  
  166  14:41  Nydus Canal  
  166  14:43  Hydralisk  
  154  14:47  Drone x2  
  154  14:52  Drone x2  
  154  14:54  Drone  
  154  14:58  Drone  
  146  15:02  Drone  
  146  15:05  Drone  
  146  15:06  Drone  
  147  15:13  Viper  
  148  15:23  Lurker Den  
  147  15:28  Overseer  
  147  15:38  Drone x3  
  147  15:40  Hydralisk x2  
  147  15:41  Hydralisk  
  156  15:53  Nydus Canal  
  156  15:56  Hydralisk  
  158  15:59  Muscular Augments  
  158  16:02  Drone x3  
  158  16:03  Drone x2  
  163  16:07  Roach x2  
  163  16:08  Roach  
  163  16:10  Roach  
  171  16:23  Seismic Spines  
  171  16:24  Lurker x2  
  171  16:25  Lurker x4  
  177  16:29  Lurker x3  
  177  16:30  Lurker  
  181  16:33  Nydus Canal  
  181  16:43  Lurker x3  
  181  16:44  Zergling x4  
  181  16:45  Zergling x4  
  181  16:46  Lurker  
  189  16:52  Hydralisk  
  191  16:56  Nydus Canal  
  199  17:10  Nydus Canal  

Tags
 
Add a new tag
Caveats
  • Supply blocks, unpowered buildings, or Contaminate may cause inaccurate times.
  • Supply counts are checked every 10 seconds.